 Dungeon Crawl Stone Soup version 0.24.1-14-gf8d2b509d9 (webtiles) character file.

Game seed: 17303042830927791785, levelgen mode: deterministic

319 Hugehornet the Changer (level 6, -5/38 HPs)
             Began as an Octopode Transmuter on May 16, 2020.
             Slain by Natasha (10 damage)
             ... on level 2 of the Dungeon.
             The game lasted 00:03:35 (2068 turns).

Hugehornet the Changer (Octopode Transmuter)        Turns: 2068, Time: 00:03:35

Health: -5/38      AC:  1    Str:  9    XL:     6   Next: 45%
Magic:  11/11      EV: 18    Int: 20    God:
Gold:   168        SH:  0    Dex: 13    Spells: 1/11 levels left

rFire    . . .     SeeInvis .     - Unarmed
rCold    . . .     Gourm    .   (no shield)
rNeg     . . .     Faith    .   (helmet restricted)
rPois    .         Spirit   .   (no amulet)
rElec    .         Reflect  .   e - +5 ring of evasion
rCorr    .         Harm     .   l - +3 ring of intelligence
MR       .....                  (no ring)
Stlth    ++........             (no ring)
HPRegen  0.12/turn              (no ring)
MPRegen  0.12/turn              (no ring)
                                (no ring)
                                (no ring)

@: slowed, very slow
A: almost no armour, stealthy swim, amphibious, 8 rings, constrict 8, camouflage
1, gelatinous body 1
a: no special abilities


You were on level 2 of the Dungeon.
You were not hungry.

You visited 1 branch of the dungeon, and saw 2 of its levels.

You collected 168 gold pieces.

Inventory:

Missiles
 a - 47 arrows
Jewellery
 e - a +5 ring of evasion (left tentacle)
 l - a +3 ring of intelligence (right tentacle)
Wands
 j - a wand of paralysis (5)
Scrolls
 b - a scroll of remove curse {unknown}
 d - a scroll of enchant armour {unknown}
 f - 4 scrolls of identify {unknown}
 g - a scroll of immolation {unknown}
 i - a scroll of magic mapping {unknown}
 k - a scroll of fog {unknown}
Comestibles
 c - 4 rations


   Skills:
 - Level 1.0 Fighting
 - Level 2.0 Dodging
 + Level 4.0 Unarmed Combat
 + Level 3.4 Spellcasting
 * Level 4.1 Transmutations
 * Level 0.0 Ice Magic
 - Level 3.4 Poison Magic


You had one spell level left.
You knew the following spells:

 Your Spells              Type           Power        Failure   Level  Hunger
a - Beastly Appendage     Tmut           ###...       2%          1    None
b - Sticks to Snakes      Tmut           ###.....     3%          2    ##.....
c - Spider Form           Tmut/Pois      ###.......   9%          3    ###....
d - Ice Form              Ice/Tmut       ##......     52%         4    ####...

Your spell library contained the following spells:

 Spells                   Type           Power        Failure   Level  Hunger
 Blade Hands              Tmut           ###.......   56%         5    ######.


Dungeon Overview and Level Annotations

Branches:
Dungeon (2/15)

Altars:

Annotations:
D:2 Natasha


Innate Abilities, Weirdness & Mutations

You cannot wear most types of armour.
You are very stealthy in the water. (Stealth+)
You are amphibious.
You can wear up to eight rings at the same time.
You can use your tentacles to constrict eight enemies at once.
Your skin changes colour to match your surroundings (Stealth+).
Your rubbery body absorbs attacks. (AC +1, EV +1)


Message History

Natasha stares at you and mumbles some strange words.
The magic dart hits you! The white imp gestures at you.
The puff of frost hits you!
You tentacle-slap the bat but do no damage.
Your grab misses the bat. Your squeeze misses the bat.
The iron imp disappears in a puff of smoke!
The bat hits you. The white imp gestures at you. The puff of frost misses you.
Natasha casts a spell.
The white imp gestures at you. The puff of frost hits you! The bat misses you.
The crimson imp blinks!
The white imp gestures at you. The puff of frost hits you!
* * * LOW HITPOINT WARNING * * *
Natasha wildly gestures.
You feel disoriented. Natasha claws you!
You die...

###...##.........................
.###..##.............##..........
..##..##..................####..#
...#..)....................###..#
..⌠#.5#.....#####.##.##..........
..$#.h......#####+#..#.......#..#
..##.##.....##...................
.###.##.....##.5.............#..#
###..##..#5###..@............#..#
..h.###..#5# #b§5h÷..........#..#
##### #..#.# #...............#...
# ###..#.###..5............#.## #
..........§...)............... #
.###..#...........##.......... #
#.# #..#5..............#.###... #
#.# #..##.###########..#.# ####
###.###..##.# #..#.# #


You could see Natasha, a crimson imp, a white imp, a shadow imp and a bat.

Vanquished Creatures
  Sigmund (D:2)
  A centaur (D:2)
  2 adders (D:2)
  An ooze (D:2)
  A worm (D:2)
  4 dart slugs (D:1)
  A leopard gecko (D:2)
  A ball python (D:2)
  6 goblins
  3 hobgoblins (D:2)
  A kobold (D:1)
  6 bats
  5 frilled lizards
  5 rats
  A fungus (D:1)
39 creatures vanquished.

Vanquished Creatures (others)
  3 toadstools (D:1)
3 creatures vanquished.

Grand Total: 42 creatures vanquished

Notes
Turn   | Place    | Note
-------+----------+-------------------------------------------
     0 | D:1      | Hugehornet the Octopode Transmuter began the quest for the
                  | Orb.
     0 | D:1      | Reached XP level 1. HP: 13/13 MP: 3/3
   184 | D:1      | Reached XP level 2. HP: 17/18 MP: 3/5
   188 | D:1      | Learned a level 2 spell: Sticks to Snakes
   654 | D:1      | Reached XP level 3. HP: 23/23 MP: 4/6
   659 | D:1      | Learned a level 3 spell: Spider Form
   854 | D:2      | Noticed a centaur
   865 | D:2      | Killed a centaur
   865 | D:2      | Reached XP level 4. HP: 9/28 MP: 4/8
  1091 | D:2      | Reached XP level 5. HP: 29/33 MP: 7/9
  1501 | D:2      | Noticed Sigmund
  1515 | D:2      | HP: 1/33 [Sigmund/+0 scythe (6)]
  1517 | D:2      | Killed Sigmund
  1517 | D:2      | Reached XP level 6. HP: 2/38 MP: 7/11
  1821 | D:2      | Learned a level 4 spell: Ice Form
  2028 | D:2      | Noticed Natasha
  2068 | D:2      | Slain by Natasha

Levels and vault maps discovered:
D:1:      saegor_arrival_simple_a, layout_loops_ring, minmay_gold_behind_fungi
D:2:      cheibrodos_pilgrimage, layout_basic, uniq_sigmund, uniq_natasha

Skill      XL: |  1  2  3  4  5 |
---------------+----------------+-----
Transmutations | 3 4 |  4.1
Poison Magic   | 2 3 |  3.4
Spellcasting   | 3 |  3.4
Unarmed Combat | 4 |  4.0
Fighting       | |  1.0
Dodging        | |  2.0

Action                   |  1- 3 |  4- 6 || total
-------------------------+-------+-------++-------
Melee: Unarmed           |    60 |    47 ||   107
       Kick              |     8 |     8 ||    16
       Tentacles         |     9 |     8 ||    17
       Constrict         |    12 |    11 ||    23
       Punch             |     1 |       ||     1
 Cast: Beastly Appendage |    16 |    12 ||    28
       Spider Form       |     1 |     2 ||     3
 Abil: End Transformatio |       |     1 ||     1
  Use: Potion            |       |     1 ||     1
 Stab: Sleeping          |     4 |       ||     4
  Eat: Chunk             |       |     4 ||     4
Armor: Skin              |     4 |     4 ||     8
Dodge: Dodged            |    30 |    74 ||   104
